 Dungeon Crawl Stone Soup version 0.28-a0-1613-gdaab1c2f9b (webtiles) character file.

Game seed: 15826345225843371887

413 hashsling the Digger (level 6, -14/38 HPs)
             Began as a Gargoyle Earth Elementalist on Jan 21, 2022.
             Was an Initiate of Vehumet.
             Demolished by a wight (21 damage)
             ... on level 5 of the Dungeon.
             The game lasted 00:12:02 (4727 turns).

hashsling the Digger (Gargoyle Earth Elementalist)  Turns: 4727, Time: 00:12:03

Health: -14/38     AC:  6    Str: 12    XL:     6   Next: 90%
Magic:  5/10       EV: 11    Int: 17    God:    Vehumet [......]
Gold:   198        SH:  0    Dex: 10    Spells: 5/11 levels left

rFire   . . .      SeeInvis .   n - +0 trident
rCold   . . .      Faith    .   (no shield)
rNeg    + . .      Spirit   .   b - +0 robe
rPois   ∞          Reflect  .   (no helmet)
rElec   +          Harm     .   (no cloak)
rCorr   .          Rampage  .   (no gloves)
Will    .....                   (no boots)
Stlth   ++........              (no amulet)
HPRegen 0.12/turn               (no ring)
MPRegen 0.12/turn               (no ring)

@: no status effects
A: sickness immunity, AC +4, negative energy resistance 1, electricity
resistance, torment resistance 1, petrification resistance
a: Renounce Religion


You were on level 5 of the Dungeon.
You worshipped Vehumet.
Vehumet was noncommittal.
You visited 2 branches of the dungeon, and saw 6 of its levels.

You collected 198 gold pieces.

Inventory:

Hand Weapons
 n - a +0 trident (weapon)
Missiles
 c - 28 stones
 k - a throwing net
 s - 5 curare-tipped darts
Armour
 b - a +0 robe (worn)
 q - a +0 ring mail
Wands
 o - a wand of polymorph (5)
 t - a wand of iceblast (11)
 v - a wand of flame (17)
Scrolls
 a - a scroll of noise {unknown}
 d - a scroll of fear {unknown}
 g - a scroll of blinking {unknown}
 h - 6 scrolls of identify {unknown}
 j - 3 scrolls of teleportation {unknown}
 l - a scroll of immolation {unknown}
 r - a scroll of brand weapon {unknown}
 w - a scroll of vulnerability {unknown}
Potions
 e - a potion of heal wounds {unknown}
 f - 2 potions of flight {unknown}
 i - 2 potions of berserk rage {unknown}
 m - 2 potions of curing {unknown}
 p - a potion of lignification {unknown}
 u - a potion of mutation {unknown}


   Skills:
 * Level 4.2 Fighting
 - Level 1.0 Armour
 - Level 1.5 Dodging
 - Level 2.2 Stealth
 + Level 3.1 Spellcasting
 * Level 2.1 Conjurations
 - Level 1.0 Transmutations
 + Level 5.9 Earth Magic


You had 5 spell levels left.
You knew the following spells:

 Your Spells              Type           Power      Damage    Failure   Level
a - Sandblast             Erth           44%        2d11      1%          1
b - Stone Arrow           Conj/Erth      32%        3d9       10%         3
c - Passwall              Tmut/Erth      11%        N/A       6%          2

Your spell library contained the following spells:

 Spells                   Type           Power      Damage    Failure   Level
 Magic Dart               Conj           36%        1d4       7%          1
 Searing Ray              Conj           18%        2d5       11%         2
 Petrify                  Tmut/Erth      14%        N/A       38%         4
 Fulminant Prism          Conj/Hex       3%         3d6       73%         4


Dungeon Overview and Level Annotations

Branches:
Dungeon (5/15)             Temple (1/1) D:4

Altars:
Ashenzari
Cheibriados
Dithmenos
Elyvilon
Fedhas
Hepliaklqana
Kikubaaqudgha
Makhleb
Nemelex Xobeh
Okawaru
Qazlal
Ru
Sif Muna
Trog
Uskayaw
Vehumet
Wu Jian
Xom
Yredelemnul
Zin
The Shining One


Innate Abilities, Weirdness & Mutations

You are immune to sickness and miasma.
Your stone body is resilient. (AC +4)
You are immune to poison.
You resist negative energy. (rN+)
You are resistant to electric shocks. (rElec)
You are resistant to unholy torment.
You are immune to petrification.


Message History

There is a stone staircase leading up here.
w - a scroll labelled WORIFRO VIAMU
Found a plate armour.
Found an escape hatch in the floor.
Found an escape hatch in the ceiling.
Found a stone staircase leading down. 2 wights come into view.
A wight is wielding a +2 flail of distortion.
Casting: Sandblast (safe; 1% risk of failure)
Confirm with . or Enter, or press ? or * to list all spells.
Aiming: Stone Arrow (dangerous; 10% risk of failure)
Press: ? - help, Shift-Dir - straight line, f - wight
Aim: a wight, wielding a +2 flail of distortion and wearing a +0 robe (dormant, 100% to hit)
The stone arrow hits the wight!
The wight is almost destroyed.
A wight comes into view. It is wielding a +0 halberd.
Casting: Stone Arrow (dangerous; 10% risk of failure)
Confirm with . or Enter, or press ? or * to list all spells.
Aiming: Sandblast (safe; 1% risk of failure)
Press: ? - help, Shift-Dir - straight line, f/p - wight
Aim: a wight, wielding a +2 flail of distortion and wearing a +0 robe (almost destroyed, 81% to hit)
The blast of sand hits the wight but does no damage.
The wight is almost destroyed.
Casting: Sandblast (safe; 1% risk of failure)
Confirm with . or Enter, or press ? or * to list all spells.
Aiming: Sandblast (safe; 1% risk of failure)
Press: ? - help, Shift-Dir - straight line, f/p - wight
Aim: a wight, wielding a +2 flail of distortion and wearing a +0 robe (almost destroyed, 81% to hit)
The blast of sand hits the wight but does no damage.
The wight is almost destroyed.
A wight comes into view. It is wielding a +0 battleaxe.
You barely miss the wight.
The wight is almost destroyed.
The wight hits you with a +2 flail of distortion.
Space warps horribly around you!
The wight hits you with a +2 flail of distortion!
* * * LOW HITPOINT WARNING * * *
Space warps horribly around you!!
Ouch! That really hurt!
You die...

#.. .. #........ .z
#........ . #........
#z #+##........ ##.#
#.##........
#>.z######.##...[....
#.(.@....#.##........
#....................
#..>.....#.####.#####
#........#.# #......
#.<......#.####.#####
..........#......<....
####.......######..####
..##..###..........#
##. #..........#


You could see 3 wights.

Vanquished Creatures
  An ogre (D:4)
  2 scorpions
  An iguana (D:4)
  Ijyb (D:3)
  3 gnolls (D:2)
  5 adders
  A worm (D:4)
  6 dart slugs
  An orc (D:3)
  9 endoplasms
  4 giant cockroaches
  8 goblins
  12 hobgoblins
  3 jackals (D:3)
  A quokka (D:4)
  8 ball pythons
  2 frilled lizards
  2 kobolds
  5 rats
75 creatures vanquished.

Notes
Turn   | Place    | Note
-------+----------+-------------------------------------------
     0 | D:1      | hashsling the Gargoyle Earth Elementalist began the quest
                  | for the Orb.
     0 | D:1      | Reached XP level 1. HP: 10/10 MP: 3/3
   184 | D:1      | Reached XP level 2. HP: 10/16 MP: 3/5
   329 | D:1      | Reached skill level 1 in Transmutations
   573 | D:1      | Reached skill level 1 in Fighting
   573 | D:1      | Reached skill level 4 in Earth Magic
  1443 | D:2      | Reached XP level 3. HP: 16/20 MP: 6/6
  1900 | D:2      | Reached XP level 4. HP: 26/26 MP: 3/7
  2035 | D:2      | Learned a level 3 spell: Stone Arrow
  2038 | D:2      | Learned a level 2 spell: Passwall
  2378 | D:2      | Found a faded altar of an unknown god.
  2814 | D:3      | Noticed Ijyb
  2836 | D:3      | Killed Ijyb
  2837 | D:3      | Reached skill level 5 in Earth Magic
  2837 | D:3      | Reached XP level 5. HP: 20/32 MP: 2/9
  3400 | D:4      | Reached skill level 1 in Armour
  3428 | D:4      | Found a staircase to the Ecumenical Temple.
  3449 | Temple   | Entered the Ecumenical Temple
  3767 | Temple   | Became a worshipper of Vehumet
  3813 | D:4      | Reached XP level 6. HP: 36/37 MP: 3/10
  3963 | D:4      | Reached skill level 1 in Conjurations
  4698 | D:5      | Entered Level 5 of the Dungeon
  4727 | D:5      | Demolished by a wight

Illustrated notes

Levels and vault maps discovered:
D:1:      tarquinn_simple_flora_water_a, layout_loops_cross,
          roderic_serpentine_path
D:2:      layout_basic, nicolae_ecumenical_snake_handling
D:3:      layout_basic, uniq_ijyb
D:4:      layout_gridville, minmay_temple_entry_glass
D:5:      layout_basic
Temple:   regret_index_temple_sigil_plot

Skill      XL: |  1  2  3  4  5  6 |
---------------+-------------------+-----
Transmutations | 1 |  1.0
Fighting       | 1 2 3 4 |  4.2
Earth Magic    | 4 5 |  5.9
Armour         | 1 |  1.0
Spellcasting   | 3 |  3.1
Conjurations   | 2 |  2.1
Dodging        | |  1.5
Stealth        | |  2.2

Action                   |  1- 3 |  4- 6 || total
-------------------------+-------+-------++-------
Melee: Club              |    43 |    27 ||    70
       Unarmed           |       |     9 ||     9
       Trident           |       |    54 ||    54
 Cast: Sandblast         |    31 |    45 ||    76
       Stone Arrow       |       |     8 ||     8
 Stab: Sleeping          |       |     2 ||     2
Armor: Robe              |    11 |    28 ||    39
       Skin              |       |     2 ||     2
Dodge: Dodged            |    27 |    51 ||    78

Table legend: (Time is in decaauts)
 A = Elapsed time spent in this place.
 B = Non-inter-level travel time spent in this place.
 C = Inter-level travel time spent in this place.
 D = Time resting spent in this place.
 E = Time spent auto-exploring this place.
 F = Levels seen in this place.
 G = Mean time per level.
                   A        B        C        D        E       F      G
               +--------+--------+--------+--------+--------+-----+--------+
         Total |   4761 |   4678 |     83 |      0 |   4076 |   6 |  793.5 |
       Dungeon |   4417 |   4359 |     58 |      0 |   3816 |   5 |  883.4 |
        Temple |    343 |    318 |     25 |      0 |    260 |   1 |  343.0 |
               +--------+--------+--------+--------+--------+-----+--------+

Top non-repeatable levels by time:
     D:2: 1496 daAuts
     D:1: 1259 daAuts
     D:4: 995 daAuts
     D:3: 637 daAuts
  Temple: 343 daAuts
     D:5: 28 daAuts
